 Dungeon Crawl Stone Soup version 0.31-a0-354-g827e0957a7 (webtiles) character file.

Game seed: 2011808059101333927

777 randomguy2701 the Chopper (level 7, -1/61 HPs)
             Began as a Hill Orc Fighter on July 24, 2023.
             Slain by an ogre
             ... wielding a +0 giant club
              (30 damage)
             ... on level 6 of the Dungeon.
             The game lasted 00:09:35 (4062 turns).

randomguy2701 the Chopper (Hill Orc Fighter)        Turns: 4062, Time: 00:09:36

Health: -1/61      AC: 12    Str: 21    XL:     7   Next: 84%
Magic:  7/7        EV:  8    Int:  8    God:
Gold:   254        SH:  4    Dex: 10    Spells: 6/6 levels left

rFire   . . .        a - +0 war axe
rCold   . . .        c - +0 buckler
rNeg    . . .        t - +0 chain mail
rPois   .            (no helmet)
rElec   .            (no cloak)
rCorr   .            s - +0 pair of gloves
SInv    .            u - +0 pair of boots
Will    .....        (no amulet)
Stlth   x              - ring of wizardry
HPRegen 0.30/turn    (no ring)
MPRegen 0.10/turn

%: wizardry (x1)
@: no status effects
A: no striking features
a: no special abilities


You were on level 6 of the Dungeon.
You visited 1 branch of the dungeon, and saw 6 of its levels.

You collected 278 gold pieces.
You spent 24 gold pieces at shops.

Inventory:

Hand Weapons
 a - a +0 war axe (weapon)
Missiles
 k - 2 throwing nets
Armour
 c - a +0 buckler (worn)
 s - a +0 pair of gloves (worn)
 t - a +0 chain mail (worn)
 u - a +0 pair of boots (worn)
Jewellery
 p - an amulet of magic regeneration
 x - a ring of wizardry (left hand)
Talismans
 i - a maw talisman
 y - a blade talisman
Wands
 z - a wand of acid (4)
 A - a wand of roots (8)
Scrolls
 b - a scroll of vulnerability {unknown}
 f - 2 scrolls of identify
 h - 3 scrolls of teleportation {unknown}
 n - a scroll of poison {unknown}
 o - a scroll of blinking {unknown}
 q - a scroll of immolation {unknown}
 w - a scroll of fear {unknown}
 B - a scroll of acquirement {unknown}
Potions
 d - 2 potions of might
 e - a potion of attraction {unknown}
 g - a potion of resistance
 j - 2 potions of haste
 l - a potion of invisibility {unknown}
 m - 3 potions of curing {unknown}
 r - a potion of cancellation {unknown}
 v - a potion of brilliance {unknown}


   Skills:
 + Level 5.4 Fighting
 + Level 7.4 Axes
 + Level 6.2 Armour
 + Level 1.1 Dodging
 + Level 0.4 Stealth
 + Level 3.9 Shields


You had 6 spell levels left.
You didn't know any spells.
Your spell library contained the following spells:

 Spells                   Type           Power      Damage    Failure   Level
 Foxfire                  Conj/Fire      0%         2x1d4     75%         1
 Blink                    Tloc           0%         N/A       86%         2
 Cigotuvi's Dreadful Rot  Necr/Pois/Air  0%         N/A       86%         2
 Lesser Beckoning         Tloc           0%         N/A       86%         2
 Momentum Strike          Conj/Tloc      0%         3d8       86%         2
 Ignite Poison            Fire/Tmut/Pois 0%         N/A       98%         3
 Freezing Cloud           Conj/Ice/Air   0%         6-21      100%        5
 Plasma Beam              Fire/Air       0%         2x1d10    100%        6
 Starburst                Conj/Fire      0%         6d3       100%        6


Dungeon Overview and Level Annotations

Branches:
Dungeon (6/15)
 Temple: D:4-7

Altars:
Makhleb
Nemelex Xobeh
Uskayaw

Shops:
D:1 *   D:5 :

Annotations:
D:4 Edmund, Menkaure
D:5 3 runed translucent doors, HotCheetoh's ghost, novice DEFE


Message History

The bullfrog croaks.
You hear a shout!
An ogre comes into view. It is wielding a +0 giant club.
You completely miss the bullfrog. The bullfrog hits you.
You barely miss the bullfrog. The bullfrog barely misses you.
The bullfrog hits you.
You slash the bullfrog!
The bullfrog is heavily wounded.
The bullfrog hits you but does no damage.
The bullfrog hits you!
You hit the bullfrog.
The bullfrog is severely wounded.
The bullfrog hits you but does no damage.
You closely miss the bullfrog.
The bullfrog is severely wounded.
The bullfrog hits you but does no damage.
The bullfrog closely misses you.
You barely miss the bullfrog.
The bullfrog is severely wounded.
The bullfrog hits you but does no damage.
The bullfrog hits you.
You hit the bullfrog.
The bullfrog is almost dead.
You hit the ogre. The ogre barely misses you. The bullfrog barely misses you.
You hit the bullfrog.
The bullfrog is almost dead.
You hit the ogre but do no damage.
The bullfrog hits you but does no damage.
The ogre hits you with a +0 giant club!
The bullfrog hits you but does no damage.
You are too injured to fight recklessly!
You are too injured to fight recklessly!
You are too injured to fight recklessly!
You are too injured to fight recklessly!
There are monsters nearby!
You barely miss the ogre.
The ogre is lightly wounded.
You completely miss the bullfrog.
The bullfrog hits you but does no damage.
The ogre hits you with a +0 giant club!!
You die...

#.....#.......
#.?>..#.......
#.....#.......
#.....#.......
#####.....#.....
#####...#.....#...
#.............#.#####
#...................#
#.....<.....$.##@...#
#..........#..##OF..#
#.._...........#........
#..............#........
#..............+........
#..............#........
#...........####........
###.........# #........
#.........#


You could see an ogre and a bullfrog.

Vanquished Creatures
  A black bear (D:5)
  2 ogres (D:5)
  2 scorpions
  3 hounds
  2 jellies
  3 iguanas (D:5)
  An orc wizard (D:6)
  10 adders
  A white imp (D:5)
  A dart slug (D:4)
  5 orcs
  2 ball pythons
  5 bats
  5 endoplasms
  2 giant cockroaches (D:1)
  7 goblins
  6 hobgoblins
  2 jackals (D:5)
  5 kobolds
  3 quokkas
  4 frilled lizards
  2 rats (D:1)
74 creatures vanquished.

Notes
Turn   | Place    | Note
-------+----------+-------------------------------------------
     0 | D:1      | randomguy2701 the Hill Orc Fighter began the quest for the
                  | Orb.
     0 | D:1      | Reached XP level 1. HP: 19/19 MP: 1/1
   127 | D:1      | Reached XP level 2. HP: 26/27 MP: 2/2
   251 | D:1      | Found Ruluv's General Store.
   254 | D:1      | Bought a scroll of identify for 24 gold pieces
   452 | D:1      | Reached skill level 3 in Axes
   649 | D:2      | Reached XP level 3. HP: 33/33 MP: 3/3
  1220 | D:3      | You fall into a shaft and drop 2 floors!
  1220 | D:5      | Entered Level 5 of the Dungeon
  1259 | D:3      | Found a burning altar of Makhleb.
  1259 | D:3      | Noticed an Executioner
  1298 | D:3      | Reached skill level 4 in Axes
  1680 | D:3      | Reached XP level 4. HP: 29/40 MP: 4/4
  1747 | D:3      | Found a hide-covered altar of Uskayaw.
  1950 | D:4      | Noticed Edmund
  1985 | D:4      | Noticed Menkaure
  2147 | D:5      | Found a runed translucent gate.
  2150 | D:5      | Found a runed translucent gate.
  2150 | D:5      | Found a runed translucent gate.
  2180 | D:5      | Reached XP level 5. HP: 17/46 MP: 5/5
  2356 | D:5      | Noticed an ogre
  2510 | D:5      | Noticed a black bear
  2855 | D:5      | Killed a black bear
  2856 | D:5      | Reached skill level 5 in Axes
  2856 | D:5      | Reached skill level 5 in Armour
  2856 | D:5      | Reached skill level 1 in Dodging
  2856 | D:5      | Reached XP level 6. HP: 21/52 MP: 6/6
  3059 | D:5      | Found Patel's Self-Improvement Boutique.
  3202 | D:5      | Noticed an ice beast
  3278 | D:5      | Reached skill level 5 in Fighting
  3278 | D:5      | Reached skill level 6 in Axes
  3278 | D:5      | Reached XP level 7. HP: 37/61 MP: 7/7
  3356 | D:5      | Noticed HotCheetoh's ghost (novice DEFE)
  3997 | D:6      | Found a sparkling altar of Nemelex Xobeh.
  4021 | D:6      | Reached skill level 7 in Axes
  4062 | D:6      | Slain by an ogre

Illustrated notes

Levels and vault maps discovered:
D:1:      tarquinn_simple_flora_water_a, layout_rooms, serial_shops,
          nicolae_shop_behind_doors
D:2:      layout_rooms, serial_bayou_lagoon_a, serial_park_tiny_1,
          minmay_goblin_outpost
D:3:      layout_basic, makhleb_altar_promises_db, lemuel_coloured_pillars_altar
D:4:      layout_cave_pools, uniq_blork_the_orc, uniq_menkaure, uniq_edmund
D:5:      layout_loops_ring, gammafunk_ghost_icy, nicolae_eternal_life,
          nicolae_shop_self_help
D:6:      layout_basic, nzn_overflow_gifts_of_might_and_magic,
          overflow_temple_1_default, nicolae_wu_jian_immortal_techniques,
          minmay_three_doors

Skill      XL: |  1  2  3  4  5  6  7 |
---------------+----------------------+-----
Axes           | 3 4 5 6 7 |  7.4
Fighting       | 4 5 |  5.4
Armour         | 4 5 6 |  6.2
Dodging        | 1 |  1.1
Stealth        | |  0.4
Shields        | |  3.9

Action                     |  1- 3 |  4- 6 |  7- 9 || total
---------------------------+-------+-------+-------++-------
  Melee: War axe           |   140 |    73 |    57 ||   270
    Use: Scroll            |     2 |       |       ||     2
         Potion            |       |     1 |       ||     1
 Armour: Scale mail        |    80 |     1 |       ||    81
         Chain mail        |       |    49 |    36 ||    85
  Dodge: Dodged            |    85 |    33 |    14 ||   132
  Block: Buckler           |    36 |    10 |     7 ||    53

Table legend: (Time is in decaauts)
 A = Elapsed time spent in this place.
 B = Non-inter-level travel time spent in this place.
 C = Inter-level travel time spent in this place.
 D = Time resting spent in this place.
 E = Time spent auto-exploring this place.
 F = Levels seen in this place.
 G = Mean time per level.
                   A        B        C        D        E       F      G
               +--------+--------+--------+--------+--------+-----+--------+
         Total |   4154 |   3659 |    495 |      0 |   2709 |   6 |  692.3 |
       Dungeon |   4154 |   3659 |    495 |      0 |   2709 |   6 |  692.3 |
               +--------+--------+--------+--------+--------+-----+--------+

Top non-repeatable levels by time:
     D:5: 1327 daAuts
     D:3: 1194 daAuts
     D:1: 651 daAuts
     D:2: 550 daAuts
     D:4: 244 daAuts
     D:6: 184 daAuts
